 Dungeon Crawl Stone Soup version 0.31-a0-640-g39d97e502b (webtiles) character file.

Game seed: 18310053048779344542

8045 Twinkles the Severer (level 11, 0/108 (111) HPs)
             Began as a Hill Orc Berserker on Aug 27, 2023.
             Was a Priest of Trog.
             Slain by a rust devil (2 damage)
             ... on level 10 of the Dungeon.
             The game lasted 00:14:36 (10694 turns).

Twinkles the Severer (Hill Orc Berserker)          Turns: 10694, Time: 00:14:36

HP:   0/108 (111)   AC:  0    Str: 25    XL:     11   Next: 24%
MP:   11/11         EV: 10    Int:  7    God:    Trog [***...]
Gold: 160           SH:  0    Dex: 10    Spells: 10/10 levels left

rFire   . . .        a - +0 war axe
rCold   + . .        (no shield)
rNeg    . . .        n - +2 scale mail {rC+}
rPois   .            j - +0 helmet
rElec   .            m - scarf {shadows}
rCorr   .            (no gloves)
SInv    .            w - +0 pair of boots
Will    ++...        F - amulet of faith Stlth
                     (no ring)
HPRegen 1.38/turn    (no ring)
MPRegen 0.12/turn

%: faith
@: strong-willed, corroded, on berserk cooldown, regenerating, slowed, lightly
drained, very slow
A: no striking features
a: Renounce Religion, Berserk, Trog's Hand


You were on level 10 of the Dungeon.
You worshipped Trog.
Trog was most pleased with you.
You visited 1 branch of the dungeon, and saw 10 of its levels.

You collected 487 gold pieces.
You spent 327 gold pieces at shops.

Inventory:

Hand Weapons
 a - a +0 war axe (weapon)
Missiles
 b - a curare-tipped dart
 B - 3 silver javelins
Armour
 j - a +0 helmet (worn)
 m - a scarf of shadows (worn)
 n - a +2 scale mail of cold resistance (worn)
 w - a +0 pair of boots (worn)
Jewellery
 c - a ring of ice
 v - a ring of protection from fire
 F - an amulet of faith (around neck)
Wands
 p - a wand of paralysis (11)
 q - a wand of flame (15)
Scrolls
 d - 2 scrolls of fear {unknown}
 f - 2 scrolls of poison {unknown}
 i - a scroll of enchant armour {unknown}
 k - a scroll of immolation {unknown}
 l - 3 scrolls of amnesia {unknown}
 s - 2 scrolls of fog {unknown}
 t - 2 scrolls of blinking {unknown}
 x - 2 scrolls of enchant weapon {unknown}
 y - 2 scrolls of revelation {unknown}
 D - a scroll of vulnerability {unknown}
 O - 2 scrolls of silence
 Y - 2 scrolls of teleportation
 Z - 5 scrolls of identify
Potions
 e - a potion of resistance {unknown}
 g - a potion of lignification {unknown}
 o - a potion of magic {unknown}
 r - 2 potions of brilliance {unknown}
 u - 2 potions of degeneration {unknown}
 z - 3 potions of berserk rage {unknown}
 A - 3 potions of attraction
 G - a potion of mutation {unknown}
 H - 3 potions of haste
 I - 2 potions of invisibility
 J - 6 potions of curing
 N - a potion of heal wounds


   Skills:
 + Level 14.5 Fighting
 + Level 15.7 Axes
 - Level 3.0 Armour
 - Level 2.2 Dodging


You had 10 spell levels left.
You didn't know any spells.
Your spell library was empty.

Dungeon Overview and Level Annotations

Branches:
Dungeon (10/15) Zot: 26890  Temple (0/1) D:7             Orc (0/2) D:9
   Lair: D:8-11

Altars:
Makhleb
Okawaru
Qazlal
Xom
Beogh

Shops:
D:1 !   D:5 *?*

Annotations:
D:7 2 transporters
D:9 3 runed translucent doors, Pokonic1's ghost, novice DsBe; varamyr's ghost, novice DrBe


Message History

* * * LOW HITPOINT WARNING * * *
The two-headed ogre hits you with a +0 giant spiked club.
* * * LOW HITPOINT WARNING * * *
As you read the scroll labelled WYVOBL CA CEQ, it crumbles to dust.
You feel strangely unstable.
It was a scroll of teleportation.
Y - 2 scrolls of teleportation The two-headed ogre barely misses you. x2
The wight hits you with a +0 long sword.
* * * LOW HITPOINT WARNING * * *
You feel drained.
You flicker back into view.
Your surroundings suddenly seem different.
You feel the effects of Trog's Hand fading.
A rust devil comes into view.
The rust devil screeches!
Your skin stops crawling.
You feel less strong-willed. The rust devil hits you.
* * * LOW HITPOINT WARNING * * *
The rust devil corrodes you!
You hit the rust devil but do no damage.
The rust devil barely misses you.
You slash the rust devil!
The rust devil is moderately wounded.
The rust devil hits you!
* * * LOW HITPOINT WARNING * * *
The rust devil corrodes you!
You hit the rust devil but do no damage.
The rust devil is moderately wounded.
The rust devil hits you.
* * * LOW HITPOINT WARNING * * *
The rust devil corrodes you!
Your skin crawls.
You feel strong-willed. The rust devil hits you!
* * * LOW HITPOINT WARNING * * *
The rust devil corrodes you!
You closely miss the rust devil.
The rust devil is moderately wounded.
The rust devil hits you.
You die...

...... .§§....
.♣♣§§....#
...§§.....###
.~~~~....##@##
~~~~~~....4..#
..~≈~.....#.##
.....♣...#....#
.........#......
........P........
.........~~~~....
.........~~~~....
........~~~~~...


You could see a rust devil.

Vanquished Creatures
  2 two-headed ogres
  An unseen horror (D:9)
  A hornet (D:6)
  2 wyverns
  11 yaks
  Menkaure (D:4)
  3 vampire mosquitoes (D:10)
  2 acid dragons
  2 water moccasins
  An ice beast (D:7)
  A sky beast (D:6)
  Duvessa (D:7)
  8 orc warriors
  3 black bears
  An ogre (D:7)
  2 kobold brigands
  4 bullfrogs
  3 scorpions
  9 wights
  Dowan (D:7)
  3 howler monkeys
  4 hounds
  5 jellies
  7 orc priests
  Terence (D:2)
  A sleepcap (D:5)
  5 iguanas
  8 orc wizards
  7 gnolls
  4 adders
  2 shadow imps (D:8)
  A white imp (D:6)
  3 worms
  A dart slug (D:2)
  35 orcs
  5 ball pythons
  4 bats
  6 endoplasms
  2 giant cockroaches
  8 hobgoblins
  3 jackals (D:4)
  13 kobolds
  2 quokkas
  3 frilled lizards
  3 goblins
  3 rats
198 creatures vanquished.

Notes
Turn   | Place    | Note
-------+----------+-------------------------------------------
     0 | D:1      | Twinkles the Hill Orc Berserker began the quest for the
                  | Orb.
     0 | D:1      | Reached XP level 1. HP: 19/19 MP: 1/1
    97 | D:1      | Reached XP level 2. HP: 23/27 MP: 2/2
   323 | D:1      | Found Netiash Idghi's Distillery.
   757 | D:2      | Noticed Terence
   768 | D:2      | Killed Terence
   769 | D:2      | Reached XP level 3. HP: 33/33 MP: 3/3
  1005 | D:2      | Found a faded altar of an unknown god.
  1386 | D:3      | Reached XP level 4. HP: 39/40 MP: 4/4
  1809 | D:3      | Reached ** piety under Trog
  2156 | D:3      | Reached skill level 5 in Axes
  2280 | D:4      | Reached XP level 5. HP: 47/47 MP: 5/5
  2338 | D:4      | Noticed Menkaure
  2349 | D:4      | Killed Menkaure
  2350 | D:4      | Reached skill level 5 in Fighting
  2350 | D:4      | Reached skill level 6 in Axes
  2350 | D:4      | Reached XP level 6. HP: 37/57 MP: 6/6
  2628 | D:4      | Noticed a black bear
  2755 | D:4      | Killed a black bear
  2756 | D:4      | Reached skill level 7 in Axes
  2756 | D:4      | Reached XP level 7. HP: 64/64 MP: 7/7
  3058 | D:4      | Found a burning altar of Makhleb.
  3138 | D:5      | Entered Level 5 of the Dungeon
  3372 | D:5      | Found Siduxt's General Store.
  3583 | D:5      | Found Gyegeh's General Store.
  3597 | D:5      | Found Syxti's Magic Scroll Shop.
  3608 | D:5      | Reached skill level 8 in Axes
  3709 | D:5      | Bought a scroll of identify for 28 gold pieces
  3803 | D:5      | Noticed a two-headed ogre
  3816 | D:5      | Killed a two-headed ogre
  3817 | D:5      | Reached skill level 9 in Axes
  3817 | D:5      | Reached XP level 8. HP: 67/77 MP: 8/8
  4129 | D:5      | HP: 23/77 [acid (4)]
  4336 | D:5      | Reached skill level 10 in Axes
  4646 | D:6      | HP: 23/78 [poisoned by a water moccasin]
  4651 | D:6      | HP: 19/78 [poisoned by a water moccasin]
  5010 | D:6      | Reached XP level 9. HP: 85/85 MP: 9/9
  5017 | D:6      | Reached skill level 10 in Fighting
  5017 | D:6      | Reached skill level 11 in Axes
  5134 | D:6      | Noticed a hornet
  5147 | D:6      | Killed a hornet
  5272 | D:6      | Found a stormy altar of Qazlal.
  5962 | D:6      | Reached skill level 12 in Axes
  6550 | D:7      | Found a staircase to the Ecumenical Temple.
  6557 | D:7      | Noticed Dowan
  6558 | D:7      | Noticed Duvessa
  6572 | D:7      | Killed Duvessa
  6579 | D:7      | Killed Dowan
  6661 | D:7      | Found a transporter.
  6981 | D:7      | Found a shimmering altar of Xom.
  7104 | D:7      | Found a transporter.
  7181 | D:7      | Reached XP level 10. HP: 97/97 MP: 10/10
  7187 | D:7      | Reached skill level 13 in Axes
  8933 | D:1      | Bought 2 potions of heal wounds for 130 gold pieces
  8933 | D:1      | Bought a potion of curing for 39 gold pieces
  8933 | D:1      | Bought a potion of haste for 130 gold pieces
  9342 | D:9      | Found a staircase to the Orcish Mines.
  9389 | D:9      | Killed an unseen horror
  9390 | D:9      | Reached skill level 14 in Axes
  9400 | D:9      | Reached *** piety under Trog
  9887 | D:9      | Reached skill level 15 in Axes
  9949 | D:9      | Reached XP level 11. HP: 108/108 MP: 11/11
 10077 | D:9      | Found a runed translucent gate.
 10079 | D:9      | Found a runed translucent gate.
 10080 | D:9      | Found a runed translucent gate.
 10084 | D:9      | Noticed varamyr's ghost (novice DrBe)
 10084 | D:9      | Noticed Pokonic1's ghost (novice DsBe)
 10186 | D:9      | Found a roughly hewn altar of Beogh.
 10586 | D:10     | Entered Level 10 of the Dungeon
 10586 | D:10     | Noticed a two-headed ogre
 10593 | D:10     | Killed a two-headed ogre
 10622 | D:10     | HP: 33/111 [wight/+0 long sword (4)]
 10625 | D:10     | Noticed a two-headed ogre
 10628 | D:10     | HP: 28/111 [vampire mosquito (6)]
 10631 | D:10     | Found an iron altar of Okawaru.
 10634 | D:10     | HP: 26/111 [vampire mosquito (4)]
 10639 | D:10     | HP: 20/111 [vampire mosquito (2)]
 10648 | D:10     | HP: 27/111 [vampire mosquito (9)]
 10656 | D:10     | HP: 25/111 [vampire mosquito (5)]
 10661 | D:10     | HP: 31/166 [vampire mosquito (3)]
 10670 | D:10     | HP: 30/166 [wight/+3 halberd of freezing (7)]
 10681 | D:10     | HP: 12/109 [two-headed ogre/+0 giant club (18)]
 10689 | D:10     | HP: 17/108 [rust devil (4)]
 10693 | D:10     | HP: 1/108 [rust devil (11)]
 10694 | D:10     | Slain by a rust devil

Illustrated notes

Levels and vault maps discovered:
D:1:      evilmike_arrival_crescent, layout_rooms, serial_shops,
          nicolae_shop_rolling_square, chequers_mini_garden
D:2:      layout_loops_ring, shapermc_ecumenical_altar_pompeii,
          nicolae_underground_beach, uniq_terence
D:3:      layout_basic
D:4:      layout_rooms, lightli_temple_of_fire, uniq_menkaure
D:5:      layout_loops_corners, serial_shops, shop, shop,
          nicolae_shop_tiny_waterfront, kennysheep_minor_cross,
          serial_bayou_pond_e
D:6:      layout_basic, old_standard_altar
D:7:      gammafunk_steamed_eel, layout_basic, lemuel_crystal_altar,
          minmay_temple_entry_nine_rooms, uniq_duvessa
D:8:      layout_basic, hex_tiny, chequers_decorated_corner, nicolae_titane
D:9:      layout_loops_ring, minmay_orc_entry_temple_small,
          gammafunk_ghost_cemetery
D:10:     layout_cross, mainiacjoe_overflow_paths, nicolae_uskayaw_dance_hall,
          mainiacjoe_overflow_six_doors_small, nemelex_spade_bored_becter,
          dpeg_lair_monsters, serial_demonic, serial_demonic_e,
          serial_demonic_f, serial_demonic_e, serial_demonic_d,
          serial_demonic_f, serial_demonic_c

Skill      XL: |  1  2  3  4  5  6  7  8  9 10 11 |
---------------+----------------------------------+-----
Fighting       | 4 5 6 8 9 11 13 14 | 14.5
Dodging        | 2 |  2.2
Armour         | 3 |  3.0
Axes           | 5 6 7 9 10 12 15 | 15.7

Action                     |  1- 3 |  4- 6 |  7- 9 | 10-12 || total
---------------------------+-------+-------+-------+-------++-------
  Melee: Hand axe          |    79 |   137 |   361 |       ||   577
         Punch             |       |       |     9 |     3 ||    12
         War axe           |       |       |     5 |   233 ||   238
 Invoke: Berserk           |     1 |     4 |     8 |     7 ||    20
         Trog's Hand       |       |     1 |     4 |     3 ||     8
    Use: Scroll            |       |       |     3 |     2 ||     5
         Potion            |       |       |       |     4 ||     4
   Stab: Invisible         |       |       |       |     4 ||     4
 Armour: Animal skin       |    12 |       |       |       ||    12
         Scale mail        |    10 |    39 |   130 |   117 ||   296
  Dodge: Dodged            |    42 |    68 |   136 |   114 ||   360

Table legend: (Time is in decaauts)
 A = Elapsed time spent in this place.
 B = Non-inter-level travel time spent in this place.
 C = Inter-level travel time spent in this place.
 D = Time resting spent in this place.
 E = Time spent auto-exploring this place.
 F = Levels seen in this place.
 G = Mean time per level.
                   A        B        C        D        E       F      G
               +--------+--------+--------+--------+--------+-----+--------+
         Total |  10759 |  10014 |    745 |    329 |   8114 |  10 | 1075.9 |
       Dungeon |  10759 |  10014 |    745 |    329 |   8114 |  10 | 1075.9 |
               +--------+--------+--------+--------+--------+-----+--------+

Top non-repeatable levels by time:
     D:6: 1646 daAuts
     D:5: 1563 daAuts
     D:9: 1409 daAuts
     D:7: 1351 daAuts
     D:8: 1267 daAuts
     D:3: 1176 daAuts
     D:4: 918 daAuts
     D:2: 727 daAuts
     D:1: 589 daAuts
    D:10: 108 daAuts
